 Dungeon Crawl Stone Soup version 0.28.0 (webtiles) character file.

Game seed: 15036822933900453263

42 aparent the Skirmisher (level 3, 0/24 HPs)
             Began as a Gargoyle Fighter on Feb 5, 2022.
             Slain by a worm (6 damage)
             ... on level 2 of the Dungeon.
             The game lasted 00:02:45 (1395 turns).

aparent the Skirmisher (Gargoyle Fighter)           Turns: 1395, Time: 00:02:45

Health: 0/24       AC: 11    Str: 21    XL:     3   Next: 54%
Magic:  3/3        EV:  9    Int:  8    God:
Gold:   57         SH:  4    Dex:  9    Spells: 2/2 levels left

rFire   . . .      SeeInvis .   a - +0 flail
rCold   . . .      Faith    .   c - +0 buckler
rNeg    + . .      Spirit   .   b - +0 scale mail
rPois   ∞          Reflect  .   (no helmet)
rElec   +          Harm     .   i - +0 cloak
rCorr   .          Rampage  .   (no gloves)
Will    .....                   (no boots)
Stlth   ..........              (no amulet)
HPRegen 0.08/turn               (no ring)
MPRegen 0.08/turn               (no ring)

@: no status effects
A: sickness immunity, AC +3, negative energy resistance 1, electricity
resistance, torment resistance 1, petrification resistance
a: no special abilities


You were on level 2 of the Dungeon.
You visited 1 branch of the dungeon, and saw 2 of its levels.

You collected 67 gold pieces.
You spent 10 gold pieces at shops.

Inventory:

Hand Weapons
 a - a +0 flail (weapon)
Armour
 b - a +0 scale mail (worn)
 c - a +0 buckler (worn)
 i - a +0 cloak (worn)
Wands
 l - a wand of acid (6)
Scrolls
 e - 3 scrolls of identify {unknown}
 f - 2 scrolls of teleportation {unknown}
 j - a scroll of torment {unknown}
Potions
 d - a potion of might
 g - a potion of degeneration
 h - a potion of attraction {unknown}
 k - a potion of heal wounds {unknown}


   Skills:
 + Level 3.6 Fighting
 + Level 2.4 Maces & Flails
 + Level 3.6 Armour
 + Level 1.4 Stealth
 + Level 3.6 Shields


You had 2 spell levels left.
You didn't know any spells.
Your spell library contained the following spells:

 Spells                   Type           Power      Damage    Failure   Level
 Foxfire                  Conj/Fire      0%         2x1d4     83%         1
 Conjure Flame            Conj/Fire      0%         6-21      99%         3
 Dazzling Flash           Conj/Hex       0%         N/A       99%         3
 Inner Flame              Hex/Fire       0%         N/A       99%         3
 Flame Wave               Conj/Fire      0%         2d4       100%        4
 Agony                    Necr           0%         N/A       100%        5
 Silence                  Hex/Air        0%         N/A       100%        5


Dungeon Overview and Level Annotations

Branches:
Dungeon (2/15)

Altars:

Shops:
D:1 !


Innate Abilities, Weirdness & Mutations

You are immune to sickness and miasma.
Your stone body is resilient. (AC +3)
You are immune to poison.
You resist negative energy. (rN+)
You are resistant to electric shocks. (rElec)
You are resistant to unholy torment.
You are immune to petrification.


Message History

You now have 57 gold pieces (gained 8).
You see here a dart slug corpse.
There is a stone staircase leading down here.
A kobold comes into view. It is wielding a +0 short sword.
The kobold shouts!
You hit the kobold.
The kobold is heavily wounded.
The kobold hits you with a +0 short sword.
The kobold barely misses you.
You closely miss the kobold.
The kobold is heavily wounded.
The kobold hits you with a +0 short sword.
You hit the kobold.
You kill the kobold!
No target in view!
You start resting.
A worm comes into view.
Things that are here:
a +0 short sword; 5 stones
Found a stone staircase leading down.
The worm barely misses you.
You hit the worm.
The worm is lightly wounded.
The worm bites you!
You hit the worm.
The worm is moderately wounded.
You hit the worm.
The worm is heavily wounded.
The worm bites you.
You are too injured to fight recklessly!
You are too injured to fight recklessly!
You are too injured to fight recklessly!
You barely miss the worm.
The worm is moderately wounded.
The worm bites you.
* * * LOW HITPOINT WARNING * * *
You sock the worm!
The worm is almost dead.
The worm bites you.
You die...

..... # # #...#.
.#.###...#. ....
.>.#...... .... .
.......##
.....###...#......#
#.##... #....w.# # #.P...
##.##.# #.##.@.##.###
##....P ......#
#.###........ ..PP..
.#.#..# #.##...##.###
...P. ......#
###.#.#)#.#.### ....
.#.#..####>............#
#gg.
.<.......†.#.#.#.#.#.#....
#gg#
##.......###.##...##..#
#...##..#
<............###.### ##
#....r.#
####.###............
#.....g<


You could see a worm.

Vanquished Creatures
  A gnoll (D:1)
  3 dart slugs
  4 endoplasms
  3 hobgoblins
  2 quokkas
  3 ball pythons (D:1)
  3 bats (D:1)
  A goblin (D:1)
  3 kobolds
  A rat (D:1)
24 creatures vanquished.

Vanquished Creatures (others)
  15 plants (D:2)
15 creatures vanquished.

Grand Total: 39 creatures vanquished

Notes
Turn   | Place    | Note
-------+----------+-------------------------------------------
     0 | D:1      | aparent the Gargoyle Fighter began the quest for the Orb.
     0 | D:1      | Reached XP level 1. HP: 14/14 MP: 1/1
   364 | D:1      | Reached XP level 2. HP: 19/19 MP: 2/2
   378 | D:1      | Found Dani's Distillery.
   468 | D:1      | Bought a potion of degeneration for 10 gold pieces
   614 | D:1      | Reached skill level 1 in Stealth
  1246 | D:2      | Reached XP level 3. HP: 23/23 MP: 3/3
  1395 | D:2      | Slain by a worm

Illustrated notes

Levels and vault maps discovered:
D:1:      saegor_arrival_simple_b, layout_loops_ring, serial_shops,
          nicolae_shop_crystal
D:2:      layout_loops_ring, nicolae_grassy_gnolls, uniq_crazy_yiuf_cottage,
          uniq_natasha

Skill      XL: |  1  2 |
---------------+-------+-----
Stealth        | 1 |  1.4
Fighting       | |  3.6
Maces & Flails | |  2.4
Armour         | |  3.6
Shields        | |  3.6

Action                   || total
-------------------------++-------
Melee: Flail             ||    83
Armor: Scale mail        ||    46
Dodge: Dodged            ||    33
Block: Buckler           ||    18
